 Dungeon Crawl Stone Soup version 0.21.1-1-g345015f (webtiles) character file.

253 zishaf the Conjurer (level 5, -3/28 HPs)
             Began as a Deep Elf Conjurer on May 16, 2018.
             Killed from afar by an orc wizard (8 damage)
             ... with a puff of flame
             ... on level 2 of the Dungeon.
             The game lasted 00:05:46 (2460 turns).

zishaf the Conjurer (Deep Elf Conjurer)             Turns: 2460, Time: 00:05:46

Health: -3/28      AC:  7    Str:  5    XL:     5   Next: 90%
Magic:  0/15       EV: 13    Int: 21    God:
Gold:   184        SH:  0    Dex: 15    Spells: 5/15 levels left

rFire    . . .     SeeInvis .   (no weapon)
rCold    . . .     Gourm    .   (no shield)
rNeg     . . .     Faith    .   a - +0 robe
rPois    .         Spirit   +   (no helmet)
rElec    .         Reflect  .   k - scarf {Spirit}
rCorr    .         Harm     .   (no gloves)
MR       .....                  (no boots)
Stlth    +++.......             (no amulet)
HPRegen  0.09/turn              f - +5 ring of protection
MPRegen  0.14/turn              d - -4 ring of slaying (curse)

@: no status effects
A: no striking features
a: no special abilities


You were on level 2 of the Dungeon.
You were hungry.

You visited 1 branch of the dungeon, and saw 3 of its levels.

You collected 184 gold pieces.

Inventory:

Armour
 a - a +0 robe (worn)
 k - a scarf of spirit shield (worn)
Jewellery
 d - a cursed -4 ring of slaying (right hand)
 f - a +5 ring of protection (left hand)
Scrolls
 g - a scroll of magic mapping {unknown}
 h - 3 scrolls of identify {unknown}
 i - a scroll of immolation {unknown}
 j - 2 scrolls of blinking {unknown}
 n - a scroll of teleportation {unknown}
Potions
 e - a potion of experience {unknown}
 m - a potion of lignification {unknown}
 o - a potion of curing
Books
 b - a book of Conjurations

   Spells                             Type                      Level
   a - Magic Dart                     Conjuration                  1
   b - Searing Ray                    Conjuration                  2
   c - Dazzling Spray                 Conjuration/Hexes            3
   d - Fulminant Prism                Conjuration/Hexes            4
   e - Force Lance                    Conjuration/Translocation    4
   f - Iskenderun's Mystic Blast      Conjuration                  4
Comestibles
 c - 4 rations


   Skills:
 - Level 2.4 Dodging
 - Level 4.0 Stealth
 * Level 5.7 Spellcasting
 * Level 6.1 Conjurations


You had 5 spell levels left.
You knew the following spells:

 Your Spells              Type           Power        Failure   Level  Hunger
a - Magic Dart            Conj           ####         1%          1    None
b - Searing Ray           Conj           ####..       1%          2    None
c - Iskenderun's Mystic   Conj           ####....     8%          4    ####...
d - Dazzling Spray        Conj/Hex       ###...       9%          3    ##.....


Dungeon Overview and Level Annotations

Branches:
Dungeon (3/15)

Altars:
Dithmenos
Okawaru
Qazlal
Uskayaw


Message History

The orc priest calls down the wrath of Beogh upon you.
Beogh smites you!
* * * LOW HITPOINT WARNING * * *
The orc wizard hits you but does no damage.
You hear a shout!
You see here 13 gold pieces.
There is a stone staircase leading up here.
The orc wizard hits you but does no damage.
You climb upwards.
There is a stone staircase leading down here.
Casting: Searing Ray
Confirm with . or Enter, or press ? or * to list all spells.
Aiming: Magic Dart
Press: ? - help, Shift-Dir - straight line, f - orc wizard
Aim: an orc wizard, wielding a dagger and wearing a robe (heavily wounded)
The magic dart hits the orc wizard.
The orc wizard is severely wounded.
The orc wizard points at you and mumbles some strange words.
The puff of flame hits you!
You die...

##### ###### #.....# #...# #....#
#.....# #...#####.##.# #.....#
#......##.##.######.....#
#.(.................###.########
#........###.##....(..........รท.
#........#<...#....####.######..
#........#....#.##.####......#..
#.....#.##..#..@o..).........+..
#......_......#.##.#.##..(...###
#######.##....#.##.#.##......###
#....#..#.........#.##........#
#....##.#....#..###.##.........
#.......#.............###......
###.....'>.........##.# #......
#.....##...##....+..# #.....#
#.....##...##....#### #......


You could see an orc wizard.

Vanquished Creatures
  A scorpion (D:2)
  An orc priest (D:2)
  A worker ant zombie (D:3)
  8 gnolls
  An adder (D:2)
  An ooze (D:2)
  3 worms
  3 dart slugs
  A leopard gecko (D:2)
  A ball python (D:1)
  3 giant cockroaches
  7 goblins
  3 hobgoblins
  6 jackals
  4 bats
  3 frilled lizards
  7 kobolds
  9 rats
63 creatures vanquished.

Notes
Turn   | Place    | Note
-------+----------+-------------------------------------------
     0 | D:1      | zishaf the Deep Elf Conjurer began the quest for the Orb.
     0 | D:1      | Reached XP level 1. HP: 10/10 MP: 6/6
   240 | D:1      | Reached XP level 2. HP: 15/15 MP: 6/8
   255 | D:1      | Learned a level 2 spell: Searing Ray
  1016 | D:2      | Found a shadowy altar of Dithmenos.
  1022 | D:2      | Reached XP level 3. HP: 19/19 MP: 2/10
  1036 | D:2      | Noticed a scorpion
  1158 | D:2      | Killed a scorpion
  1158 | D:2      | Reached skill level 5 in Conjurations
  1158 | D:2      | Reached XP level 4. HP: 13/24 MP: 0/12
  1626 | D:2      | Reached XP level 5. HP: 28/28 MP: 11/14
  1686 | D:2      | Reached skill level 5 in Spellcasting
  1719 | D:2      | Found an iron altar of Okawaru.
  1725 | D:2      | Learned a level 4 spell: Iskenderun's Mystic Blast
  1793 | D:2      | Learned a level 3 spell: Dazzling Spray
  1869 | D:2      | Noticed a dagger
  1870 | D:2      | Noticed a hand axe
  1870 | D:2      | Found a hide-covered altar of Uskayaw.
  1993 | D:3      | Found a stormy altar of Qazlal.
  2138 | D:3      | Reached skill level 6 in Conjurations
  2460 | D:2      | Killed from afar by an orc wizard

Skill      XL: |  1  2  3  4  5 |
---------------+----------------+-----
Stealth        | 3 4 |  4.0
Spellcasting   | 4 5 |  5.7
Conjurations   | 5 6 |  6.1
Dodging        | |  2.4

Action                   |  1- 3 |  4- 6 || total
-------------------------+-------+-------++-------
 Cast: Magic Dart        |    49 |    83 ||   132
       Searing Ray       |     1 |     4 ||     5
  Use: Potion            |     1 |       ||     1
  Eat: Chunk             |     1 |     3 ||     4
Armor: Robe              |     1 |     9 ||    10
Dodge: Dodged            |     9 |    16 ||    25
